 Dungeon Crawl Stone Soup version 0.21.1-1-g345015f (webtiles) character file.

239 Mgcat the Chopper (level 6, -3/51 HPs)
             Began as a Human Berserker on Mar 1, 2018.
             Was a Priest of Trog.
             Killed by divine providence
             ... invoked by an orc priest
              (15 damage)
             ... on level 3 of the Dungeon.
             The game lasted 00:04:36 (2145 turns).

Mgcat the Chopper (Human Berserker)                 Turns: 2145, Time: 00:04:36

Health: -3/51      AC:  8    Str: 17    XL:     6   Next: 29%
Magic:  6/6        EV:  7    Int:  7    God:    Trog [***...]
Gold:   123        SH:  0    Dex: 15    Spells: 5/5 levels left

rFire    . . .     SeeInvis .   a - +0 hand axe
rCold    . . .     Gourm    .   (no shield)
rNeg     . . .     Faith    .   h - +0 chain mail
rPois    .         Spirit   .   (no helmet)
rElec    .         Reflect  .   (no cloak)
rCorr    .         Harm     .   (no gloves)
MR       ++...                  (no boots)
Stlth    ..........             (no amulet)
HPRegen  1.17/turn              (no ring)
MPRegen  0.10/turn              (no ring)

@: lethally poisoned (-3 -> -4), berserk cooldown, regenerating, slowed, very
slow
A: no striking features
a: Berserk, Trog's Hand, Burn Spellbooks, Renounce Religion


You were on level 3 of the Dungeon.
You worshipped Trog.
Trog was most pleased with you.
You were very hungry.

You visited 1 branch of the dungeon, and saw 3 of its levels.

You collected 123 gold pieces.

Inventory:

Hand Weapons
 a - a +0 hand axe (weapon)
Missiles
 g - 2 javelins (quivered)
Armour
 h - a +0 chain mail (worn)
   (You found it on level 1 of the Dungeon)
 m - a +0 helmet
   (You took it off Robin on level 2 of the Dungeon)
Wands
 o - a wand of flame (4)
   (You took it off Natasha on level 2 of the Dungeon)
Scrolls
 b - 3 scrolls of remove curse {unknown}
 e - a scroll of amnesia {unknown}
 j - a scroll of identify {unknown}
 l - a scroll of enchant weapon {unknown}
Potions
 d - a potion of ambrosia {unknown}
 f - a potion of invisibility {unknown}
 i - a potion of mutation {unknown}
 k - a potion of agility {unknown}
 n - a potion of curing {unknown}
Comestibles
 c - 3 rations


   Skills:
 + Level 5.1 Fighting
 + Level 5.1 Axes
 - Level 2.0 Armour
 - Level 2.0 Dodging


You had 5 spell levels left.
You didn't know any spells.

Dungeon Overview and Level Annotations

Branches:
Dungeon (3/15)

Altars:
Kikubaaqudgha


Message History

The jackal bites you but does no damage.
The jackal closely misses you.
You closely miss the jackal.
The jackal is heavily wounded.
The jackal misses you.
You hit the jackal.
You kill the jackal!
Trog accepts your kill.
No target in view!
No target in view!
No target in view!
You butcher the jackal corpse.
f - a chunk of flesh {@w0} Eating a chunk of flesh {@w0}.
You eat the chunk of flesh {@w0}.
This raw flesh tastes terrible.
f - an emerald potion You now have 123 gold pieces (gained 7).
An orc priest comes into view. It is wielding a trident.
The orc priest shouts!
An orc and an orc wizard come into view.
The orc wizard is wielding a dagger of venom.
An orc priest comes into view. It is wielding a hand axe.
The orc priest shouts!
The orc wizard shouts!
An orc comes into view. It is wielding a short sword.
The orc wizard casts a spell at you. The magic dart hits you!
The orc shouts!
The orc priest casts a cantrip, but nothing happens.
A frilled lizard comes into view.
The frilled lizard hisses angrily.
The orc priest miscasts a cantrip.
The orc priest mumbles some strange prayers to Beogh against you.
Beogh smites you!
The frilled lizard bites you but does no damage.
Your skin crawls.
You feel resistant to hostile enchantments.
You feel somewhat more hungry.
You are feeling hungry.
The frilled lizard bites you but does no damage.
You barely miss the frilled lizard. The frilled lizard barely misses you.
You hit the frilled lizard.
You kill the frilled lizard!
Trog accepts your kill.
A red film seems to cover your vision as you go berserk!
You feel yourself moving faster!
You feel mighty!
You are feeling very hungry.
The orc wizard casts a spell.
The orc wizard flickers and vanishes!
Deactivating autopickup; reactivate with Ctrl-A.
You feel a strong urge to attack something.
You slash the orc priest!
You kill the orc priest!
Trog accepts your kill.
Your Axes skill increases to level 5!
You have reached level 6!
Your experience leads to an increase in your attributes!
Your base attributes are Str 17, Int 7, Dex 14.
Increase (S)trength, (I)ntelligence, or (D)exterity?
You feel agile.
You see here a hand axe.
You feel a strong urge to attack something.
You barely miss something. You closely miss something.
Something hits you but does no damage.
You are poisoned.
You miss something.
You feel sick.
You slash something!
Your chain mail prevents you from hitting the orc.
You are no longer berserk.
You are exhausted.
You feel yourself slow down. Something hits you but does no damage.
You are more poisoned.
The orc closely misses you.
Your chain mail prevents you from hitting the orc.
You hit something but do no damage.
You feel sick. Something hits you but does no damage.
You are more poisoned.
The orc priest mumbles some strange prayers to Beogh against you.
Beogh smites you!
* * * LOW HITPOINT WARNING * * *
The orc barely misses you. Something hits you but does no damage.
You are more poisoned.
The orc priest barely misses you.
You hit the orc.
The orc is heavily wounded.
You hit something. Trog accepts your kill.
Trog appreciates your killing of a magic user.
Reactivating autopickup.
Your Fighting skill increases to level 5!
You feel a bit more experienced.
You feel sick. The orc barely misses you.
The orc priest hits you from afar with a trident.
* * * LOW HITPOINT WARNING * * *
The orc hits you but does no damage.
You closely miss the orc.
Your chain mail prevents you from hitting the orc.
You feel very sick. The orc hits you but does no damage.
The orc priest calls down the wrath of Beogh upon you.
Beogh smites you!
You die...

#. ..
##.###.####.
#...........
#........#
#...†....#
#.....# ##.##o#
#. #o# #. #@#
#o##o# #o...#
##....#
#.....########
###.......oo...
#...........o..
#.#.#.......oo.
#.#.#..........


You could see an orc priest and 2 orcs.

Vanquished Creatures
  An orc priest (D:3)
  An orc wizard (D:3)
  Natasha (thrice) (D:2)
  Robin (D:2)
  A gnoll (D:1)
  2 adders (D:2)
  3 leopard geckos
  4 giant cockroaches
  16 goblins
  11 hobgoblins
  3 jackals (D:3)
  2 kobolds
  A quokka (D:2)
  A ball python (D:1)
  8 bats
  7 frilled lizards
  5 rats (D:1)
70 creatures vanquished.

Notes
Turn   | Place    | Note
-------+----------+-------------------------------------------
     0 | D:1      | Mgcat the Human Berserker began the quest for the Orb.
     0 | D:1      | Reached XP level 1. HP: 18/18 MP: 1/1
   101 | D:1      | Reached XP level 2. HP: 22/24 MP: 2/2
   226 | D:1      | Reached XP level 3. HP: 25/29 MP: 3/3
   265 | D:1      | Reached ** piety under Trog
   883 | D:2      | Reached XP level 4. HP: 20/37 MP: 4/4
  1051 | D:2      | Reached skill level 4 in Fighting
  1051 | D:2      | Reached skill level 4 in Axes
  1098 | D:2      | Noticed Robin
  1126 | D:2      | Killed Robin
  1272 | D:2      | Noticed Natasha
  1277 | D:2      | Killed Natasha
  1277 | D:2      | Reached XP level 5. HP: 43/43 MP: 5/5
  1447 | D:2      | Found an ancient bone altar of Kikubaaqudgha.
  1535 | D:2      | Reached *** piety under Trog
  1641 | D:2      | Noticed Natasha
  1650 | D:2      | Killed Natasha
  1870 | D:2      | Noticed Natasha
  1878 | D:2      | HP: 11/64 [Natasha/wand of flame (5) (8)]
  1882 | D:2      | Killed Natasha
  2136 | D:3      | Reached skill level 5 in Axes
  2136 | D:3      | Reached XP level 6. HP: 42/50 MP: 6/6
  2144 | D:3      | Reached skill level 5 in Fighting
  2145 | D:3      | HP: 12/51 [poisoned by an orc wizard]
  2145 | D:3      | Killed from afar by an orc priest

Skill      XL: |  1  2  3  4  5  6 |
---------------+-------------------+-----
Fighting       | 4 5 |  5.1
Axes           | 4 5 |  5.1
Armour         | |  2.0
Dodging        | |  2.0

Action                   |  1- 3 |  4- 6 || total
-------------------------+-------+-------++-------
Melee: Hand axe          |   100 |   121 ||   221
Invok: Berserk           |     1 |     4 ||     5
       Burn Spellbooks   |       |     1 ||     1
       Trog's Hand       |       |     1 ||     1
  Use: Scroll            |     2 |       ||     2
  Eat: Chunk             |     1 |     7 ||     8
Armor: Animal skin       |     6 |       ||     6
       Chain mail        |    55 |    70 ||   125
Dodge: Dodged            |    52 |    53 ||   105

Vault maps used:
D:1:      mrwooster_arrival_statue, minmay_misc_feat_iff, minmay_pentomino_z2
D:2:      nicolae_overflow_crystal_walls, uniq_robin, uniq_natasha
D:3:      chequers_ecumenical_altar_lobes, first_ration

Table legend:
 A = Turns spent in this place as a percentage of turns spent in the entire game.
 B = Non-inter-level travel turns spent in this place as a percentage of non-inter-level travel turns spent in the entire game.
 C = Inter-level travel turns spent in this place as a percentage of turns spent in this place.
 D = Turns resting spent in this place as a percentage of non-inter-level travel turns spent in this place.
 E = Turns spent auto-exploring this place as a percentage of non-inter-level travel turns spent in this place.
 F = Non-inter-level travel turns spent in this place divided by the number of levels of this place that you've seen.
                   A       B       C       D       E      F
               +-------+-------+-------+-------+-------+----------------------
         Total | 100.0 | 100.0 |   4.2 |   0.0 |  76.9 | 685.0
       Dungeon | 100.0 | 100.0 |   4.2 |   0.0 |  76.9 | 685.0
               +-------+-------+-------+-------+-------+----------------------

Table legend:
 A = Kills in this place as a percentage of kills in entire the game.
 B = Kills by you in this place as a percentage of kills by you in the entire game.
 C = Kills by friends in this place as a percentage of kills by friends in the entire game.
 D = Other kills in this place as a percentage of other kills in the entire game.
 E = Experience gained in this place as a percentage of experience gained in the entire game.
 F = Experience gained in this place divided by the number of levels of this place that you have seen.
                   A       B       C       D       E      F
               +-------+-------+-------+-------+-------+----------------------
         Total | 100.0 | 100.0 |   N/A |   N/A | 100.0 | 114.0
       Dungeon | 100.0 | 100.0 |   N/A |   N/A | 100.0 | 114.0
               +-------+-------+-------+-------+-------+----------------------
